 Dungeon Crawl Stone Soup version 0.29.1-12-g30fa7ad0bf (webtiles) character file.

Game seed: 1429114011478676556

98 javelincjr the Chopper (level 4, -13/34 HPs)
             Began as a Demonspawn Gladiator on Jan 9, 2023.
             Was an Initiate of Dithmenos.
             Mangled by an ogre
             ... wielding a +0 giant spiked club
              (26 damage)
             ... on level 4 of the Dungeon.
             The game lasted 00:08:58 (2966 turns).

javelincjr the Chopper (Demonspawn Gladiator)       Turns: 2966, Time: 00:08:59

Health: -13/34     AC:  7    Str: 14    XL:     4   Next: 43%
Magic:  4/4        EV:  8    Int: 10    God:    Dithmenos [......]
Gold:   117        SH:  7    Dex: 16    Spells: 3/3 levels left

rFire   . . .      SeeInvis .   n - +0 whip (pain)
rCold   . . .      Faith    .   j - +0 kite shield
rNeg    . . .      Spirit   .   r - +0 scale mail
rPois   .          Reflect  .   c - +0 helmet
rElec   .          Harm     .   (no cloak)
rCorr   .          Rampage  .   (no gloves)
Will    .....                   (no boots)
Stlth   ..........              (no amulet)
HPRegen 0.11/turn               (no ring)
MPRegen 0.09/turn               (no ring)

@: no status effects
A: demonic guardian 2, demonic magic 1
a: Renounce Religion


You were on level 4 of the Dungeon.
You worshipped Dithmenos.
Dithmenos was noncommittal.
You visited 1 branch of the dungeon, and saw 4 of its levels.

You collected 117 gold pieces.

Inventory:

Hand Weapons
 a - a +0 war axe
 n - a +0 whip of pain (weapon)
 o - a +0 spear
Missiles
 d - 3 throwing nets
 e - a javelin
 h - 38 stones
 q - 3 atropa-tipped darts (quivered)
Armour
 b - a +0 leather armour
 c - a +0 helmet (worn)
 j - a +0 kite shield (worn)
 r - a +0 scale mail (worn)
Magical Staves
 l - a staff of poison
Jewellery
 p - a ring of magical power
Scrolls
 m - a scroll of identify
Potions
 f - a potion of mutation {unknown}
 g - 2 potions of magic
 i - 3 potions of heal wounds
 k - 4 potions of haste


   Skills:
 + Level 2.7 Fighting
 + Level 3.4 Axes
 + Level 0.5(2.2) Maces & Flails
 + Level 1.8 Throwing
 + Level 0.9 Armour
 + Level 3.3 Dodging
 + Level 0.5 Stealth
 + Level 0.1 Shields


You had 3 spell levels left.
You didn't know any spells.
Your spell library contained the following spells:

 Spells                   Type           Power      Damage    Failure   Level
 Scorch                   Fire           0%         2d5       100%        2
 Flame Wave               Conj/Fire      0%         2d4       100%        4
 Summon Cactus Giant      Summ           0%         N/A       100%        6


Dungeon Overview and Level Annotations

Branches:
Dungeon (4/15)
 Temple: D:4-7

Altars:
Dithmenos
Nemelex Xobeh
Ru


Innate Abilities, Weirdness & Mutations

A demonic guardian rushes to your aid.
Spells you cast may paralyse adjacent enemies.


Message History

The atropa-tipped dart barely misses the ogre.
Throw: 4 darts (atropa)
Press: ? - help, Q - select action, (/) - cycle Shift-Dir - straight line, f/p - ogre
Aim: an ogre, wielding a +0 giant spiked club (75% to hit, chance to blind on hit: 51%)
You throw an atropa-tipped dart. The atropa-tipped dart hits the ogre.
The ogre appears confused.
You block the kobold's attack.
You miss the kobold. The kobold closely misses you.
You hit the kobold.
You kill the kobold!
Dithmenos accepts your kill.
The ogre seems less confused.
An orc comes into view. It is wielding a +0 mace.
You block the ogre's attack.
You hit the ogre.
The ogre is lightly wounded.
The ogre hits you with a +0 giant spiked club!
You hit the ogre but do no damage.
The ogre is lightly wounded.
The ogre is no longer blind.
You block the ogre's attack.
You hit the ogre.
The ogre is moderately wounded.
The ogre barely misses you.
You closely miss the ogre.
The ogre is moderately wounded.
You hit the ogre.
The ogre is heavily wounded.
You block the ogre's attack.
You barely miss the ogre.
The ogre is heavily wounded.
The ogre hits you with a +0 giant spiked club!
A demonic guardian appears!
You hit the ogre.
The ogre is heavily wounded.
You block the ogre's attack.
You hit the ogre.
The ogre is heavily wounded.
The ogre hits you with a +0 giant spiked club!!
Ouch! That really hurt!
You die...

.># O.# #. ### ..###
#.# #?......#
...##.##(##.###
#........oO...#
#.....#.###@#.#
..........)4..#
#............#.#
....####.#####.#
...........###.#
....###.###.##.########
#. #.#.............#
##. #.#>#.##.#.####.#
... #.....##.#.###


You could see an ogre (ally target), an orc and a friendly ice devil (summoned).

Vanquished Creatures
  2 adders
  2 dart slugs
  2 orcs (D:3)
  9 endoplasms
  3 hobgoblins (D:1)
  6 kobolds
  2 quokkas
  3 ball pythons
  6 bats
  2 frilled lizards
  4 goblins
  3 rats
44 creatures vanquished.

Vanquished Creatures (collateral kills)
  Jessica (D:3)
  A kobold (D:3)
2 creatures vanquished.

Grand Total: 46 creatures vanquished

Notes
Turn   | Place    | Note
-------+----------+-------------------------------------------
     0 | D:1      | javelincjr the Demonspawn Gladiator began the quest for the
                  | Orb.
     0 | D:1      | Reached XP level 1. HP: 16/16 MP: 1/1
   165 | D:1      | Gained mutation: A weak demonic guardian rushes to your
                  | aid. [demonic ancestry]
   165 | D:1      | Reached XP level 2. HP: 22/22 MP: 2/2
  1175 | D:2      | Gained mutation: Spells you cast may paralyse adjacent
                  | enemies. [demonic ancestry]
  1175 | D:2      | Reached XP level 3. HP: 27/27 MP: 3/3
  1497 | D:2      | Found a shadowy altar of Dithmenos.
  1596 | D:2      | Found a faded altar of an unknown god.
  1622 | D:2      | Became a worshipper of Dithmenos the Shadowed
  2009 | D:3      | Found a sparkling altar of Nemelex Xobeh.
  2009 | D:3      | Found a shadowy altar of Dithmenos.
  2017 | D:3      | Found a sacrificial altar of Ru.
  2021 | D:3      | Found a faded altar of an unknown god.
  2161 | D:3      | Noticed Jessica
  2168 | D:3      | Killed Jessica
  2169 | D:3      | Gained mutation: A demonic guardian rushes to your aid.
                  | [demonic ancestry]
  2169 | D:3      | Reached XP level 4. HP: 22/34 MP: 4/4
  2949 | D:4      | Noticed an ogre
  2966 | D:4      | Mangled by an ogre

Illustrated notes

Levels and vault maps discovered:
D:1:      grunt_arrival_lava_bath, layout_basic
D:2:      layout_loops_ring, hellmonk_ecumenical_altar_leap_of_faith,
          basic_altar, minivault_14, moated_statue
D:3:      layout_rooms, chequers_temple_overflow_minitemple, uniq_jessica
D:4:      layout_loops_cross, slow_altar_2

Skill      XL: |  1  2 |
---------------+-------+-----
Dodging        | 3 |  3.3
Axes           | 3 |  3.4
Fighting       | |  2.7
Maces & Flails | |  0.5
Throwing       | |  1.8
Armour         | |  0.9
Stealth        | |  0.5
Shields        | |  0.1

Action                   |  1- 3 |  4- 6 || total
-------------------------+-------+-------++-------
Melee: War axe           |    53 |       ||    53
       Whip              |    55 |    35 ||    90
       Punch             |     1 |       ||     1
Throw: Stone             |     2 |       ||     2
       Throwing net      |     1 |       ||     1
       Dart              |       |     2 ||     2
  Use: Scroll            |     6 |       ||     6
       Potion            |     1 |       ||     1
 Stab: Sleeping          |     3 |       ||     3
Armor: Leather armour    |    32 |       ||    32
       Scale mail        |       |     6 ||     6
Dodge: Dodged            |    84 |    12 ||    96
Block: Kite shield       |       |    11 ||    11
